 Dungeon Crawl Stone Soup version bcrawl-1.34.5 (webtiles) character file.

Game seed: 8232926404824237055

111030 KristoblXynda the Chopper (level 3, 0/29 HPs)
             Began as a Demonspawn Gladiator on Nov 9, 2021.
             Slain by a bullfrog zombie (4 damage)
             ... on level 3 of the Dungeon.
             The game lasted 00:01:33 (1961 turns).

KristoblXynda the Chopper (Demonspawn Gladiator)    Turns: 1961, Time: 00:01:34

Health: 0/29       AC:  6    Str: 15    XL:     3   Next: 98%
Magic:  0/3        EV: 13    Int:  9    God:
Gold:   184        SH:  0    Dex: 14    Spells: 2/2 levels left

rFire    . . .     SeeInvis .   a - +0 war axe
rCold    . . .     Gourm    .   (no shield)
rNeg     . . .     Faith    .   b - +0 leather armour
rPois    .         Spirit   +   c - +0 helmet
rElec    .         Reflect  .   (no cloak)
rCorr    .         Harm     .   m - +0 pair of gloves
MR       .....                  o - +0 pair of boots (curse)
Stlth    +.........             (no amulet)
HPRegen  0.09/turn              (no ring)
MPRegen  0.08/turn              (no ring)

@: no status effects
A: magic shield, sturdy frame 1
a: no special abilities


You were on level 3 of the Dungeon.
You were not hungry.

You visited 1 branch of the dungeon, and saw 3 of its levels.

You collected 184 gold pieces.

Inventory:

Hand Weapons
 a - a +0 war axe (weapon)
Missiles
 d - 3 throwing nets {=f}
Armour
 b - a +0 leather armour (worn)
 c - a +0 helmet (worn)
 m - a +0 pair of gloves (worn)
 o - a cursed +0 pair of boots (worn)
Jewellery
 t - an uncursed ring of resist corrosion {unknown}
Scrolls
 h - a scroll of teleportation {unknown}
 i - 3 scrolls of identify
 j - 2 scrolls of remove curse {unknown}
 l - a scroll of fog {unknown}
 n - 2 scrolls of noise {unknown}
Potions
 f - 2 potions of heal wounds
 g - a potion of agility {unknown}
 k - a potion of berserk rage {unknown}
 p - a potion of haste {unknown}
 q - a potion of lignification {unknown}
 r - a potion of mutation {unknown}
 u - a potion of brilliance {unknown}
 v - a potion of degeneration {unknown}
Comestibles
 e - 3 rations {!d}
 s - a chunk of flesh


   Skills:
 - Level 3.1 Fighting
 * Level 3.5 Axes
 - Level 2.0 Throwing
 + Level 1.1 Armour
 + Level 3.1 Dodging


You had 2 spell levels left.
You didn't know any spells.
Your spell library was empty.

Dungeon Overview and Level Annotations

Branches:
Dungeon (3/12)

Altars:


Innate Abilities, Weirdness & Mutations

When hurt, damage is shared between your health and your magic reserves.
Your movements are slightly less encumbered by armour. (ER -2)


Message History

A bullfrog zombie comes into view.
A bullfrog zombie is nearby!
The bullfrog zombie hits you. x2
You hit the bullfrog zombie.
The bullfrog zombie is lightly damaged.
The bullfrog zombie hits you.
You slash the bullfrog zombie!
The bullfrog zombie is heavily damaged.
The bullfrog zombie hits you! x2
* * * LOW HITPOINT WARNING * * *
You are too injured to fight recklessly!
You are too injured to fight recklessly!
You are too injured to fight recklessly!
You are too injured to fight recklessly!
A bullfrog zombie is nearby!
No path to travel!
You hit the bullfrog zombie but do no damage.
The bullfrog zombie is heavily damaged.
The bullfrog zombie hits you.
You die...

#§.☼°○#...##§§§
#.○°☼§#...#§☼°○
#☼§○°§#...#☼○○☼
#°○§§○#.⌠.#.○☼☼
#§§☼☼☼#...##☼.○
#######...#####
#########'''#
###...........#
......Z@.#'#.##
.........#<#.#
.........###.#
.......... .#
....^...### ##
........#
........#
........#


You could see a bullfrog zombie.

Vanquished Creatures
  A worker ant (D:2)
  A dart slug (D:2)
  A worm (D:2)
  2 leopard geckos (D:2)
  2 giant cockroaches (D:1)
  4 goblins
  6 hobgoblins
  3 ball pythons
  4 bats
  3 frilled lizards
  5 kobolds
  2 rats (D:1)
34 creatures vanquished.

Notes
Turn   | Place    | Note
-------+----------+-------------------------------------------
     0 | D:1      | KristoblXynda the Demonspawn Gladiator began the quest for
                  | the Orb.
     0 | D:1      | Reached XP level 1. HP: 18/18 MP: 1/1
   271 | D:1      | Gained mutation: Your movements are slightly less
                  | encumbered by armour. (ER -2) [demonic ancestry]
   271 | D:1      | Reached XP level 2. HP: 14/24 MP: 2/2
  1274 | D:2      | Gained mutation: When hurt, damage is shared between your
                  | health and your magic reserves. [demonic ancestry]
  1274 | D:2      | Reached XP level 3. HP: 28/29 MP: 3/3
  1337 | D:2      | Reached skill level 1 in Armour
  1961 | D:3      | Slain by a bullfrog zombie

Skill      XL: |  1  2  3 |
---------------+----------+-----
Throwing       | 2 |  2.0
Axes           | 3 |  3.5
Dodging        | 3 |  3.1
Armour         | 1 |  1.1
Fighting       | |  3.1

Action                   || total
-------------------------++-------
Melee: War axe           ||    93
 Stab: Sleeping          ||     1
  Eat: Chunk             ||     6
Armor: Leather armour    ||    25
Dodge: Dodged            ||    51
